 Dungeon Crawl Stone Soup version 0.20-a0-1040-gfd09691 (console) character file.

56645 nht the Brawler (level 14, -5/107 HPs)
             Began as an Octopode Berserker on Apr 23, 2017.
             Was a High Priest of Trog.
             Slain by an orc
             ... wielding a +0 trident
             ... led by an orc warlord
              (7 damage)
             ... on level 1 of the Orcish Mines.
             The game lasted 00:44:17 (19285 turns).

nht the Brawler (Octopode Berserker)               Turns: 19285, Time: 00:44:18

Health: -5/107     AC:  3    Str: 22    XL:     14   Next: 82%
Magic:  14/14      EV: 16    Int:  9    God:    Trog [*****.]
Gold:   673        SH: 16    Dex: 20    Spells: 13/13 levels left

rFire    + + +     SeeInvis .     - Unarmed
rCold    + . .     Gourm    .   g - +3 shield
rNeg     + + .     Faith    .   m - +2 hat {MR+}
rPois    +         Spirit   .   (no amulet)
rElec    +         Reflect  .   C - ring of protection from cold
rCorr    .         Harm     .   F - ring of positive energy
MR       +++..                  L - ring of stealth
Stlth    ++++......             J - ring of poison resistance
Regen    0.7/turn               s - ring "Jetsel" {rElec rF++ Str+3 Dex+3 Stlth-}
MPRegen  0.2/turn               y - ring of protection from fire
                                D - ring "Bacoat" {*Drain rElec rF+++ Dex+3 Stlth+}
                                K - ring of positive energy

@: exhausted, very slightly contaminated, slowed, invisible, very slow
A: almost no armour, stealthy swim, amphibious, 8 rings, constrict 8, fangs 1,
camouflage 1, magic resistance 1, regeneration 1, gelatinous body 1
a: Berserk, Trog's Hand, Brothers in Arms, Burn Spellbooks, Renounce Religion


You were on level 1 of the Orcish Mines.
You worshipped Trog.
Trog was extremely pleased with you.
You were very hungry.

You visited 3 branches of the dungeon, and saw 19 of its levels.
You also visited: Sewer and Volcano.

You collected 1647 gold pieces.
You spent 974 gold pieces at shops.

Inventory:

Hand Weapons
 S - a +0 blowgun
Missiles
 f - 3 throwing nets
 E - 55 sling bullets
 N - 2 javelins of returning (quivered)
 O - 2 poisoned tomahawks
 P - 3 javelins
 U - 8 tomahawks
 Y - 8 javelins of penetration
Armour
 g - a +3 shield (worn)
 m - a +2 hat of magic resistance (worn)
Jewellery
 s - the ring "Jetsel" (on tentacle) {rElec rF++ Str+3 Dex+3 Stlth-}
   (You found it on level 11 of the Dungeon)

   [ring of loudness]

   It affects your strength (+3).
   It affects your dexterity (+3).
   It greatly protects you from fire.
   It insulates you from electricity.
   It makes you less stealthy.
 y - a ring of protection from fire (on tentacle)
 C - a ring of protection from cold (left tentacle)
 D - the ring "Bacoat" (on tentacle) {*Drain rElec rF+++ Dex+3 Stlth+}
   (You acquired it on level 10 of the Dungeon)

   [ring of dexterity]

   It affects your dexterity (+3).
   It renders you almost immune to fire.
   It insulates you from electricity.
   It causes draining when unequipped.
   It makes you more stealthy.
 F - a ring of positive energy (right tentacle)
 J - a ring of poison resistance (on tentacle)
 K - a ring of positive energy (on tentacle)
 L - a ring of stealth (on tentacle)
Wands
 c - a wand of lightning (5/15)
 A - a wand of paralysis (0/24)
 B - a wand of disintegration (13/24)
 M - a wand of paralysis (16/24)
 Q - a wand of acid (2/15)
 V - a wand of paralysis (19/24)
 W - a wand of polymorph (12/24)
 Z - a wand of enslavement (12/24)
Scrolls
 b - 14 scrolls of remove curse
 h - 7 scrolls of enchant weapon
 r - 4 scrolls of identify
 u - a scroll of magic mapping
 v - 2 scrolls of blinking
 w - 10 scrolls of teleportation
 H - 2 scrolls of fog
Potions
 d - a potion of invisibility
 e - 5 potions of flight
 i - 4 potions of might
 k - 4 potions of agility
 l - 4 potions of mutation
 o - a potion of cancellation
 q - 2 potions of heal wounds
 R - 4 potions of curing
 X - 2 potions of ambrosia
Miscellaneous
 j - a phantom mirror
 G - a box of beasts
Comestibles
 a - 10 bread rations
 n - 8 royal jellies
 p - 16 meat rations
 z - 35 fruits
 I - 18 chunks of flesh


   Skills:
 + Level 13.7 Fighting
 - Level 12.3 Throwing
 - Level 4.7 Dodging
 - Level 11.4 Shields
 - Level 15.5 Unarmed Combat


You had 13 spell levels left.
You didn't know any spells.

Dungeon Overview and Level Annotations

Branches:
Dungeon (12/15)            Temple (0/1) D:4            Lair (6/6) D:8
 Shoals (0/4) Lair:3        Snake (0/4) Lair:2        Slime (0/5) Lair:5
    Orc (1/2) D:12

Altars:
Cheibriados
Dithmenos
Fedhas
Makhleb
Okawaru
Qazlal
Ru
Sif Muna
Trog
Vehumet
Wu Jian
Yredelemnul
The Shining One

Shops:
D:10 [??}   D:11 :


Innate Abilities, Weirdness & Mutations

You cannot wear most types of armour.
You are very stealthy in the water. (Stealth+)
You are amphibious.
You can wear up to eight rings at the same time.
You can use your tentacles to constrict eight enemies at once.
Your skin changes colour to match your surroundings (Stealth+).
Your rubbery body absorbs attacks. (AC +1, EV +1)
You have very sharp teeth.
You are resistant to hostile enchantments. (MR+)
Your natural rate of healing is unusually fast.


Message History

You kill the orc warrior!
Trog accepts your kill.
Your ogre closely misses something.
You hear some strange, mumbled words.
A puff of flame appears from out of thin air!
The puff of flame hits you! You resist.
* * * LOW HITPOINT WARNING * * *
The orc hits you from afar with a trident.
* * * LOW HITPOINT WARNING * * *
You miss something. Your squeeze misses something.
The orc barely misses your ogre.
Your ogre barely misses the orc.
Something hits you.
* * * LOW HITPOINT WARNING * * *
You bludgeon something! Trog accepts your kill.
Trog appreciates your killing of a magic user.
Reactivating autopickup.
You feel a bit more experienced.
The orc hits you from afar with a trident!
You die... ████

███....█
█@)....█
█))O...█
█..o...█
.........
....█....
....███...
....█ ...
....██ ..


You could see an orc and a friendly ogre (berserk).

Vanquished Creatures
  Gastronok (Orc:1)
  2 orc warlords (Orc:1)
  A stone giant (D:12)
  An ettin (Orc:1)
  Harold (Lair:3)
  6 hydras
  11 two-headed ogres
  The ghost of herpmino the Cleaver, a novice FoFi of Ru (D:10)
  A manticore (D:11)
  3 cyclopes (D:12)
  An orc sorcerer (Orc:1)
  2 ugly things
  A salamander (Volcano)
  An elephant (Lair:4)
  2 black mambas
  2 spiny frogs (Lair:6)
  2 torpor snails
  6 komodo dragons
  A tengu conjurer (D:10)
  A troll (Orc:1)
  7 polar bears
  28 blink frogs
  A slime creature (Lair:5)
  4 dream sheep (Lair:5)
  2 raiju (Lair:6)
  5 hippogriffs
  Sigmund (D:6)
  A shadow (D:12)
  35 yaks
  3 wyverns
  A fire bat (Volcano)
  2 basilisks (Lair:6)
  A steam dragon (D:10)
  3 hungry ghosts
  8 wargs
  11 water moccasins
  Edmund (D:6)
  13 hell hounds
  6 porcupines
  3 ice beasts
  16 orc warriors
  A swamp drake (Lair:3)
  Purgy (Sewer)
  9 black bears
  2 phantoms
  A hornet zombie (D:10)
  10 ogres
  19 wolves
  4 centaurs
  8 crocodiles
  Blork the orc (D:6)
  14 bullfrogs
  A gnoll sergeant (D:7)
  2 scorpions
  9 killer bees (D:11)
  3 wights (D:12)
  An electric eel (Lair:5)
  10 crimson imps
  A bullfrog zombie (D:11)
  2 centaur zombies
  6 jellies
  8 orc priests
  11 hounds
  A bullfrog skeleton (D:6)
  15 orc wizards
  2 centaur skeletons
  4 iguanas
  6 worker ants
  A hound skeleton (D:6)
  A hound zombie (D:6)
  A worker ant zombie (D:7)
  12 adders
  7 gnolls
  A shadow imp (D:9)
  3 oozes
  2 adder skeletons
  5 worms
  A dart slug (D:1)
  8 leopard geckos
  25 orcs
  2 ball pythons
  7 bats
  12 giant cockroaches
  2 gnoll zombies (D:2)
  10 goblins
  3 hobgoblins
  11 jackals
  4 quokkas
  8 frilled lizards
  A jackal zombie (D:8)
  A kobold (D:1)
  A leopard gecko skeleton (D:5)
  A quokka skeleton (D:7)
  10 rats
  2 plants (Lair:6)
493 creatures vanquished.

Vanquished Creatures (collateral kills)
  A wolf spider (Lair:6)
  4 elephants (Lair:4)
  A black mamba (Lair:6)
  A troll (Orc:1)
  A blink frog (Lair:6)
  3 polar bears (Lair:6)
  A yak (Lair:6)
  A warg (Lair:6)
  3 black bears (Lair:6)
  3 hell hounds (Lair:6)
  2 wolves (Lair:6)
  An ogre (Orc:1)
  A big kobold (D:10)
  A wyvern skeleton (D:10)
  A crimson imp (D:10)
  An orc wizard (Orc:1)
  3 orcs (Orc:1)
29 creatures vanquished.

Vanquished Creatures (others)
  10 fungi
  17 plants (Lair:6)
27 creatures vanquished.

Grand Total: 549 creatures vanquished

Notes
Turn   | Place    | Note
-------+----------+-------------------------------------------
     0 | D:1      | nht the Octopode Berserker began the quest for the Orb.
     0 | D:1      | Reached XP level 1. HP: 16/16 MP: 1/1
    85 | D:1      | Reached XP level 2. HP: 11/21 MP: 2/2
   181 | D:1      | Reached skill level 4 in Unarmed Combat
   260 | D:1      | Reached XP level 3. HP: 14/26 MP: 3/3
   479 | D:1      | Reached ** piety under Trog
   650 | D:1      | Reached skill level 1 in Shields
   742 | D:2      | Reached XP level 4. HP: 31/31 MP: 4/4
   842 | D:2      | Found a basalt altar of Yredelemnul.
  1180 | D:2      | Found an iron altar of Okawaru.
  1192 | D:2      | Found an ornate altar of the Wu Jian Council.
  1418 | D:3      | Found a radiant altar of Vehumet.
  1445 | D:3      | Found a stormy altar of Qazlal.
  1535 | D:3      | Found a deep blue altar of Sif Muna.
  1606 | D:3      | Reached XP level 5. HP: 36/36 MP: 5/5
  2059 | D:4      | Reached *** piety under Trog
  2059 | D:4      | Reached skill level 5 in Unarmed Combat
  2215 | D:4      | Reached XP level 6. HP: 23/42 MP: 6/6
  2401 | D:4      | Found a sacrificial altar of Ru.
  2415 | D:4      | Found a bloodstained altar of Trog.
  2539 | D:4      | Noticed a phantom
  2541 | D:4      | Found a staircase to the Ecumenical Temple.
  2550 | D:4      | Killed a phantom
  2586 | D:4      | Reached skill level 6 in Unarmed Combat
  2620 | D:4      | Reached XP level 7. HP: 39/46 MP: 7/7
  2782 | D:5      | Entered Level 5 of the Dungeon
  2885 | D:5      | Found a burning altar of Makhleb.
  2981 | D:5      | Found a snail-covered altar of Cheibriados.
  3039 | D:5      | Found a shadowy altar of Dithmenos.
  3053 | D:5      | Reached skill level 5 in Shields
  3076 | D:5      | Got a bloodstained hunting sling
  3077 | D:5      | Identified the cursed +3 hunting sling of Quxuduet {venom, rElec} (You found it on level 5 of the Dungeon)
  3096 | D:5      | Found a radiant altar of Vehumet.
  3204 | D:5      | Found a glowing drain.
  3210 | D:5      | Reached skill level 7 in Unarmed Combat
  3229 | D:5      | Reached **** piety under Trog
  3238 | Sewer    | Entered a sewer
  3397 | Sewer    | Noticed Purgy
  3406 | Sewer    | Killed Purgy
  3674 | D:5      | Reached XP level 8. HP: 50/52 MP: 8/8
  3724 | D:5      | Found a blossoming altar of Fedhas.
  3878 | D:6      | Noticed Edmund
  3887 | D:6      | Killed Edmund
  3887 | D:6      | Reached skill level 8 in Unarmed Combat
  3957 | D:6      | Noticed Sigmund
  3962 | D:6      | Killed Sigmund
  4389 | D:6      | Reached skill level 9 in Unarmed Combat
  4451 | D:6      | Noticed Blork the orc
  4462 | D:6      | Killed Blork the orc
  5116 | D:7      | Reached XP level 9. HP: 52/56 MP: 9/9
  5131 | D:7      | Noticed a purple ugly thing
  5144 | D:7      | Killed a purple ugly thing
  5217 | D:7      | Reached skill level 10 in Unarmed Combat
  6105 | D:8      | Found a glowing golden altar of the Shining One.
  6529 | D:8      | Reached skill level 11 in Unarmed Combat
  6536 | D:8      | Found a staircase to the Lair.
  6550 | D:8      | Reached XP level 10. HP: 63/63 MP: 10/10
  6652 | D:8      | Noticed a two-headed ogre
  6658 | D:8      | Killed a two-headed ogre
  6658 | D:8      | Reached ***** piety under Trog
  7321 | D:8      | Reached skill level 12 in Unarmed Combat
  7416 | D:9      | Noticed a two-headed ogre
  7424 | D:9      | Killed a two-headed ogre
  8210 | D:9      | Reached skill level 13 in Unarmed Combat
  8390 | D:10     | Entered Level 10 of the Dungeon
  8505 | D:10     | Found Xodghuik's Magic Scroll Boutique.
  8520 | D:10     | Reached XP level 11. HP: 55/67 MP: 11/11
  8586 | D:10     | Bought a scroll of noise for 15 gold pieces
  8586 | D:10     | Bought a scroll of summoning for 142 gold pieces
  8586 | D:10     | Bought a scroll of fear for 52 gold pieces
  8586 | D:10     | Bought a scroll of teleportation for 45 gold pieces
  8629 | D:10     | Reached skill level 10 in Shields
  8632 | D:10     | Found Qoykkis's Gadget Boutique.
  8695 | D:10     | Found Sivymufuj's Magic Scroll Emporium.
  8765 | D:10     | Found Mokhum's Armour Emporium.
  8836 | D:10     | Noticed herpmino's ghost (novice FoFi)
  8843 | D:10     | Killed herpmino's ghost
  8843 | D:10     | Reached skill level 1 in Throwing
  9183 | D:11     | Got a flickering tin ring
  9184 | D:11     | Identified the ring "Jetsel" {rElec rF++ Str+3 Dex+3 Stlth-} (You found it on level 11 of the Dungeon)
  9212 | D:11     | Found Bawi's Book Shoppe.
  9237 | D:11     | Noticed a green ugly thing
  9242 | D:11     | Killed a green ugly thing
  9583 | D:11     | Noticed a manticore
  9594 | D:11     | Killed a manticore
  9665 | D:11     | Reached skill level 14 in Unarmed Combat
 10087 | D:11     | Received a gift from Trog
 10546 | Lair:1   | Entered Level 1 of the Lair of Beasts
 10546 | Lair:1   | Noticed a seven-headed hydra
 10551 | Lair:1   | Killed a seven-headed hydra
 10854 | Lair:1   | Found a dark tunnel.
 10859 | Volcano  | Entered a volcano
 10877 | Volcano  | Noticed a two-headed ogre
 10886 | Volcano  | Noticed a two-headed ogre
 10888 | Volcano  | Killed a two-headed ogre
 10888 | Volcano  | Reached XP level 12. HP: 21/72 MP: 12/12
 10892 | Volcano  | Killed a two-headed ogre
 10895 | Volcano  | Noticed a two-headed ogre
 10900 | Volcano  | Noticed a two-headed ogre
 10902 | Volcano  | Killed a two-headed ogre
 11378 | Lair:1   | Reached skill level 5 in Throwing
 11947 | Lair:1   | Reached skill level 15 in Unarmed Combat
 12053 | Lair:2   | Found a staircase to the Snake Pit.
 13148 | Lair:3   | Noticed Harold
 13158 | Lair:3   | Killed Harold
 13158 | Lair:3   | Received a gift from Trog
 13620 | Lair:3   | Identified a scroll of acquirement
 13667 | Lair:3   | Found a staircase to the Shoals.
 14394 | Lair:3   | Received a gift from Trog
 14401 | Lair:3   | Gained mutation: You are resistant to hostile enchantments. (MR+) [potion of mutation]
 14401 | Lair:3   | Gained mutation: You have very sharp teeth. [potion of mutation]
 14401 | Lair:3   | Gained mutation: Your natural rate of healing is unusually fast. [potion of mutation]
 14609 | Lair:4   | Reached skill level 10 in Throwing
 14609 | Lair:4   | Reached XP level 13. HP: 77/77 MP: 13/13
 15070 | Lair:4   | Received a gift from Trog
 15215 | Lair:5   | Found a staircase to the Slime Pits.
 15871 | Lair:6   | Entered Level 6 of the Lair of Beasts
 16667 | Lair:6   | Received a gift from Trog
 16755 | Lair:6   | Reached XP level 14. HP: 60/86 MP: 14/14
 16841 | Lair:6   | Reached skill level 5 in Fighting
 16859 | Lair:6   | Received a gift from Trog
 17619 | D:12     | Noticed a stone giant
 17677 | D:10     | Bought a scroll of magic mapping for 35 gold pieces
 17677 | D:10     | Bought a scroll of teleportation for 30 gold pieces
 17677 | D:10     | Bought a scroll of blinking for 75 gold pieces
 17677 | D:10     | Bought a scroll of acquirement for 520 gold pieces
 17677 | D:10     | Bought a scroll of identify for 20 gold pieces
 17677 | D:10     | Bought a scroll of identify for 20 gold pieces
 17677 | D:10     | Bought a scroll of identify for 20 gold pieces
 17678 | D:10     | Got a sparkling bronze ring
 17679 | D:10     | Identified the ring "Bacoat" {*Drain rElec rF+++ Dex+3 Stlth+} (You acquired it on level 10 of the Dungeon)
 17798 | D:11     | Reached skill level 10 in Fighting
 17943 | D:12     | Received a gift from Trog
 18279 | D:12     | Killed a stone giant
 18426 | D:12     | Found a staircase to the Orcish Mines.
 18878 | Orc:1    | Entered Level 1 of the Orcish Mines
 18878 | Orc:1    | Noticed Gastronok
 19034 | Orc:1    | Killed Gastronok
 19094 | Orc:1    | Noticed an orc warlord
 19117 | Orc:1    | Killed an orc warlord
 19245 | Orc:1    | Noticed an orc warlord
 19258 | Orc:1    | Killed an orc warlord
 19258 | Orc:1    | Received a gift from Trog
 19278 | Orc:1    | HP: 5/107 [orc warrior/halberd[an orc warlord] (21)]
 19283 | Orc:1    | HP: 5/107 [orc/trident[an orc warlord] (1)]
 19284 | Orc:1    | HP: 1/107 [something (5)]
 19285 | Orc:1    | Slain by an orc

Vault maps used:
D:1:      dpeg_arrival_shelter
D:2:      minitemple, lemuel_zombie_altar_yredelemnul
D:3:      fiery_altar_vehumet, overflow_temple_1_default,
          overflow_temple_1_default
D:4:      overflow_temple_1_default, bloody_trog, temple_green, serial_forest,
          infiniplex_forest_lined_3, infiniplex_forest_lined_4_way,
          infiniplex_forest_join, infiniplex_forest_clump_long
D:5:      nicolae_overflow_crystal_walls, lemuel_crystal_altar,
          lemuel_doored_altar, cheibriados_altar_1, portal_sewer_entry_f,
          first_bread, vehumet_altar_wand_db
D:6:      sigmund_edmund_badplayer, uniq_edmund, uniq_blork_the_orc
D:7:      kennysheep_generic_room_9
D:8:      lemuel_crystal_altar, erik_lair_orcish_takeover
D:10:     serial_aquarium, aquarium_bridge_island_large,
          aquarium_window_corridor_2, aquarium_window_corner, aquarium_view_2c,
          aquarium_pool_2, serial_shops, shop, shop, shop, kennysheep_mini_moat,
          grunt_tengu_nest
D:11:     serial_shops, nicolae_shop_trees, hex_large, minmay_misc_feat_columns
D:12:     cheibrodos_monumental, st_stairs_3, minivault_24
Lair:1:   enter_volcano_4
Lair:2:   dummy_snake_entry
Lair:3:   elwin_shoals_entry_rooms, uniq_harold
Lair:5:   minmay_slime_entry_pillars, infiniplex_staircase_pool
Lair:6:   hangedman_lair_caniforms_friends, wormcave, lemuel_fruit_fields,
          serial_bayou_shore_a
Orc:1:    basic_altar, uniq_erica, uniq_gastronok
Sewer:    sewer_co_purgy_island
Volcano:  volcano_village

Skill      XL: |  1  2  3  4  5  6  7  8  9 10 11 12 13 14 |
---------------+-------------------------------------------+-----
Unarmed Combat | 4 5 6 7 9 11 13 14 15 | 15.5
Shields        | 1 2 3 4 5 6 8 9 10 11 | 11.4
Throwing       | 4 10 12 | 12.3
Dodging        | 4 |  4.7
Fighting       | 4 13 | 13.7

Action                   |  1- 3 |  4- 6 |  7- 9 | 10-12 | 13-15 || total
-------------------------+-------+-------+-------+-------+-------++-------
Melee: Unarmed           |    74 |   111 |   201 |   409 |   408 ||  1203
       Constrict         |    16 |    32 |    48 |    50 |    63 ||   209
       Tentacles         |    12 |    22 |    38 |   106 |   110 ||   288
       Punch             |     2 |     5 |    18 |    60 |    79 ||   164
       Bite              |       |       |       |     6 |    74 ||    80
Throw: Javelin           |       |     1 |       |     9 |    32 ||    42
       Tomahawk          |       |       |       |     7 |   122 ||   129
       Throwing net      |       |       |       |       |     3 ||     3
Invok: Berserk           |     2 |     4 |     7 |    16 |     6 ||    35
       Burn Spellbooks   |       |       |     2 |     2 |     1 ||     5
       Brothers in Arms  |       |       |       |     2 |     6 ||     8
       Trog's Hand       |       |       |       |       |     1 ||     1
Evoke: Wand              |       |       |     9 |    44 |    40 ||    93
  Use: Scroll            |       |       |    14 |    17 |     9 ||    40
       Potion            |       |       |       |    11 |     3 ||    14
 Stab: Sleeping          |     7 |     5 |     9 |     6 |     5 ||    32
       Distracted        |       |     1 |       |       |     2 ||     3
       Paralysed         |       |       |       |     1 |       ||     1
       Invisible         |       |       |       |       |     1 ||     1
  Eat: Chunk             |     2 |     9 |    17 |    34 |    21 ||    83
       Fruit             |       |       |     5 |     7 |     3 ||    15
Armor: Skin              |     3 |    10 |     1 |     6 |    31 ||    51
Dodge: Dodged            |    37 |    42 |    63 |   138 |   121 ||   401
Block: Shield            |     5 |    47 |    74 |   189 |   245 ||   560
